 Dungeon Crawl Stone Soup version 0.28.0-53-g5a82cb258f (webtiles) character file.

Game seed: 11789166877565636164

191 Sin92 the Grasshopper (level 5, 0/39 HPs)
             Began as a Demonspawn Warper on July 12, 2022.
             Was a Priest of Jiyva.
             Slain by a kobold brigand (3 damage)
             ... in a sewer.
             The game lasted 00:07:13 (3200 turns).

Sin92 the Grasshopper (Demonspawn Warper)           Turns: 3200, Time: 00:07:14

Health: 0/39       AC:  3    Str: 14    XL:     5   Next: 41%
Magic:  8/8        EV: 12    Int: 20    God:    Jiyva [***...]
Gold:   158        SH:  0    Dex: 12    Spells: 7/9 levels left

rFire   . . .      SeeInvis .   a - +0 hand axe (venom)
rCold   . . .      Faith    .   (no shield)
rNeg    . . .      Spirit   .   b - +0 leather armour
rPois   .          Reflect  .   h - +0 hat
rElec   .          Harm     .   (no cloak)
rCorr   +          Rampage  .   (no gloves)
Will    .....                   (boots unavailable)
Stlth   +.........              (no amulet)
HPRegen 1.25/turn               e - +6 ring of intelligence
MPRegen 0.46/turn               (no ring)

@: slowed, invisible, very slow
A: hooves 3, sense surroundings 1, tendrils
a: Renounce Religion, Oozemancy


You were in a sewer.
You worshipped Jiyva.
Jiyva was most pleased with you.
You visited 1 branch of the dungeon, and saw 3 of its levels.
You also visited: Sewer.

You collected 158 gold pieces.

Inventory:

Hand Weapons
 a - a +0 hand axe of venom (weapon)
Missiles
 d - 5 boomerangs of dispersal
 g - 4 boomerangs
Armour
 b - a +0 leather armour (worn)
 h - a +0 hat (worn)
Jewellery
 e - a +6 ring of intelligence (left hand)
Scrolls
 c - 3 scrolls of blinking
Potions
 f - a potion of might


   Skills:
 + Level 2.6 Fighting
 * Level 3.0 Axes
 - Level 0.8 Throwing
 + Level 1.7 Armour
 + Level 2.3 Dodging
 + Level 1.5 Stealth
 + Level 2.6 Spellcasting
 + Level 3.1 Translocations


You had 7 spell levels left.
You knew the following spells:

 Your Spells              Type           Power      Damage    Failure   Level
a - Blink                 Tloc           30%        N/A       8%          2

Your spell library contained the following spells:

 Spells                   Type           Power      Damage    Failure   Level
 Gell's Gravitas          Tloc           15%        N/A       16%         3
 Lesser Beckoning         Tloc           15%        N/A       16%         3
 Teleport Other           Tloc           15%        N/A       16%         3
 Ensorcelled Hibernation  Hex/Ice        4%         N/A       28%         2
 Passwall                 Tmut/Erth      1%         N/A       28%         2
 Ozocubu's Armour         Ice            2%         N/A       50%         3
 Swiftness                Air            2%         N/A       50%         3
 Manifold Assault         Tloc           15%        N/A       80%         5
 Metabolic Englaciation   Hex/Ice        1%         N/A       99%         5
 Simulacrum               Ice/Necr       1%         N/A       100%        6


Dungeon Overview and Level Annotations

Branches:
Dungeon (3/15)              Sewer (1/1)

Altars:
Wu Jian
Jiyva


Innate Abilities, Weirdness & Mutations

You have hooves in place of feet.
You passively map a small area around you.
You are covered in slimy tendrils that may disarm your opponents.


Message History

The kobold brigand hits you with a +0 whip. x2
You are too injured to fight recklessly!
You are too injured to fight recklessly!
You feel sick.
The kobold brigand throws a curare-tipped dart.
The curare-tipped dart closely misses you.
The kobold brigand throws a curare-tipped dart.
The curare-tipped dart closely misses you.
It was a potion of invisibility.
You fade into invisibility!
You feel sick.
You strike the helpless kobold brigand from behind!
You hit the kobold brigand but do no damage.
The kobold brigand is poisoned.
You feel sick.
You are no longer poisoned.
The kobold brigand splashes around in the water.
You barely miss the kobold brigand.
The kobold brigand is moderately wounded.
The kobold brigand hits you with a +0 whip. x2
You hit the kobold brigand but do no damage.
The kobold brigand looks even sicker.
Your kick misses the kobold brigand.
The kobold brigand is moderately wounded.
The kobold brigand barely misses you. x2
You catch the helpless kobold brigand completely off-guard!
You hit the kobold brigand.
You kick the kobold brigand, but do no damage.
The kobold brigand is moderately wounded.
The kobold brigand hits you with a +0 whip.
The kobold brigand hits you with a +0 whip!
* * * LOW HITPOINT WARNING * * *
You hear a splash.
Your tendrils lash around the kobold brigand's +0 whip and pull it to the ground!
You hit the kobold brigand but do no damage.
The kobold brigand looks as sick as possible!
You kick the kobold brigand.
The kobold brigand is heavily wounded.
The kobold brigand hits you.
* * * LOW HITPOINT WARNING * * *
The kobold brigand hits you.
You die...

#≈.≈≈≈..∩ #≈.≈.....
####### ##≈≈.J....
#.≈≈≈≈##### ##.≈≈≈≈≈.≈≈
** #)†≈≈≈####.≈≈.##≈.≈≈
#.≈≈(≈###≈≈..≈≈≈.####≈.J
####### #.≈≈≈≈≈≈.# ##.J.
#.≈≈≈.###≈≈≈.≈..####≈J≈≈
* #≈K@≈≈########.≈J≈≈≈
#.≈≈≈≈##### #.≈≈≈≈##
######* #....## #≈≈.##
#.≈.# #≈≈≈# ##≈≈.##
#≈.≈≈≈# #.###.#


You could see a kobold brigand (extremely poisoned).

Vanquished Creatures
  2 kobold brigands (Sewer)
  Natasha (D:3)
  2 adders (Sewer)
  A river rat (Sewer)
  3 worms (Sewer)
  A dart slug (D:3)
  2 bats
  6 hobgoblins
  2 jackals (D:3)
  8 ball pythons
  2 frilled lizards
  2 goblins
  11 kobolds
  7 rats
50 creatures vanquished.

Vanquished Creatures (others)
  3 jellies (Sewer)
  Natasha (D:3)
  3 adders (D:3)
  A worm (D:3)
  2 dart slugs
  2 bats
  An endoplasm (Sewer)
  A giant cockroach (D:3)
  3 goblins
  2 hobgoblins (D:2)
  2 jackals (D:3)
  A kobold (D:2)
  A quokka (D:3)
  A ball python (Sewer)
  3 rats
  19 plants (D:1)
46 creatures vanquished.

Grand Total: 96 creatures vanquished

Notes
Turn   | Place    | Note
-------+----------+-------------------------------------------
     0 | D:1      | Sin92 the Demonspawn Warper began the quest for the Orb.
     0 | D:1      | Reached XP level 1. HP: 16/16 MP: 3/3
   177 | D:1      | Reached skill level 1 in Armour
   620 | D:1      | Gained mutation: You have large cloven feet. [demonic
                  | ancestry]
   620 | D:1      | Reached XP level 2. HP: 21/22 MP: 5/5
   895 | D:1      | Found a faded altar of an unknown god.
   904 | D:1      | Prayed at the altar of an unknown god.
   904 | D:1      | Became a worshipper of Jiyva Jept the Shapeless
   904 | D:1      | Reached * piety under Jiyva
  1132 | D:1      | Reached ** piety under Jiyva
  1510 | D:2      | Learned a level 2 spell: Blink
  2219 | D:3      | Reached *** piety under Jiyva
  2351 | D:3      | Reached XP level 3. HP: 27/27 MP: 6/6
  2398 | D:3      | Gained mutation: You are covered in slimy tendrils that may
                  | disarm your opponents. [Jiyva's grace]
  2398 | D:3      | Gained mutation: You have hoof-like feet. [Jiyva's grace]
  2398 | D:3      | Gained mutation: You have hooves in place of feet. [Jiyva's
                  | grace]
  2398 | D:3      | Gained mutation: You passively map a small area around you.
                  | [Jiyva's grace]
  2412 | D:3      | Noticed Natasha
  2423 | D:3      | Killed Natasha
  2454 | D:3      | Found an ornate altar of the Wu Jian Council.
  2487 | D:3      | Killed Natasha
  2704 | D:3      | Found a glowing drain.
  2714 | Sewer    | Entered a sewer
  2714 | Sewer    | Reached **** piety under Jiyva
  2762 | Sewer    | Reached skill level 1 in Stealth
  2838 | Sewer    | Noticed a kobold brigand
  2869 | Sewer    | Killed a kobold brigand
  2870 | Sewer    | Reached XP level 4. HP: 29/34 MP: 7/7
  3155 | Sewer    | Noticed a kobold brigand
  3164 | Sewer    | Killed a kobold brigand
  3165 | Sewer    | Reached XP level 5. HP: 25/39 MP: 6/8
  3200 | Sewer    | Slain by a kobold brigand

Illustrated notes

Levels and vault maps discovered:
D:1:      dpeg_arrival_water_fire, layout_basic,
          nicolae_ecumenical_snake_handling, grunt_decor_fettered,
          minmay_misc_feat_alley, hex_intersection, serial_bayou_lagoon_a
D:2:      layout_loops_ring, minmay_puff
D:3:      layout_loops_ring, nicolae_wu_jian_immortal_techniques,
          cheibrodos_sewer_entry_bend, eino_curves_04, uniq_natasha
Sewer:    sewer_co_tree

Skill      XL: |  1  2  3  4 |
---------------+-------------+-----
Armour         | 1 |  1.7
Axes           | 2 3 |  3.0
Dodging        | 2 |  2.3
Stealth        | 1 |  1.5
Translocations | 3 |  3.1
Fighting       | |  2.6
Throwing       | |  0.8
Spellcasting   | |  2.6

Action                   |  1- 3 |  4- 6 || total
-------------------------+-------+-------++-------
Melee: Hand axe          |   110 |    57 ||   167
       Kick              |    14 |    10 ||    24
 Cast: Blink             |     1 |       ||     1
Invok: Oozemancy         |       |     1 ||     1
  Use: Scroll            |     4 |       ||     4
       Potion            |     2 |     1 ||     3
 Stab: Invisible         |       |     2 ||     2
Armor: Leather armour    |    25 |    10 ||    35
Dodge: Dodged            |    50 |    34 ||    84
